 Dungeon Crawl Stone Soup version 0.28.0-62-gf88900778d (webtiles) character file.

Game seed: 12715686174311018836

211 cbfl8 the Skirmisher (level 5, -3/41 HPs)
             Began as a Demonspawn Fighter on Jan 16, 2024.
             Slain by an ogre
             ... wielding a +0 giant club
              (16 damage)
             ... on level 4 of the Dungeon.
             The game lasted 00:02:56 (3892 turns).

cbfl8 the Skirmisher (Demonspawn Fighter)           Turns: 3892, Time: 00:02:56

Health: -3/41      AC: 11    Str: 25    XL:     5   Next: 57%
Magic:  5/5        EV:  6    Int: 11    God:
Gold:   220        SH:  4    Dex: 12    Spells: 4/4 levels left

rFire   + . .      SeeInvis .   a - +0 war axe
rCold   + . .      Faith    .   c - +0 buckler
rNeg    . . .      Spirit   .   h - +0 plate armour {rC+}
rPois   .          Reflect  .   (helmet restricted)
rElec   .          Harm     .   k - scarf {shadows}
rCorr   .          Rampage  .   (no gloves)
Will    .....                   (no boots)
Stlth   ..........              (no amulet)
HPRegen 0.13/turn               i - +6 ring of strength
MPRegen 0.09/turn               l - ring of protection from fire

@: mighty
A: antennae 1, ignite blood 1, big brain 1
a: no special abilities


You were on level 4 of the Dungeon.
You visited 1 branch of the dungeon, and saw 4 of its levels.

You collected 220 gold pieces.

Inventory:

Hand Weapons
 a - a +0 war axe (weapon)
Armour
 c - a +0 buckler (worn)
 h - a +0 plate armour of cold resistance (worn)
 k - a scarf of shadows (worn)
Jewellery
 i - a +6 ring of strength (left hand)
 l - a ring of protection from fire (right hand)
Wands
 n - a wand of flame (9) (quivered)
Scrolls
 e - 3 scrolls of teleportation {unknown}
 f - a scroll of torment {unknown}
 g - a scroll of vulnerability {unknown}
 j - a scroll of fog {unknown}
 m - a scroll of fear
 p - a scroll of identify {unknown}
 q - a scroll of brand weapon {unknown}
Potions
 b - a potion of resistance {unknown}


   Skills:
 + Level 3.6 Fighting
 + Level 3.5 Axes
 + Level 3.5 Armour
 + Level 3.0 Shields
 * Level 2.1 Evocations


You had 4 spell levels left.
You didn't know any spells.
Your spell library contained the following spells:

 Spells                   Type           Power      Damage    Failure   Level
 Animate Skeleton         Necr           0%         N/A       100%        1
 Apportation              Tloc           0%         N/A       100%        1
 Summon Small Mammal      Summ           0%         N/A       100%        1
 Call Canine Familiar     Summ           0%         N/A       100%        3
 Portal Projectile        Hex/Tloc       0%         N/A       100%        3
 Leda's Liquefaction      Hex/Erth       0%         N/A       100%        4


Dungeon Overview and Level Annotations

Branches:
Dungeon (4/15)
 Temple: D:4-7

Altars:
Fedhas
Makhleb
Uskayaw
Yredelemnul


Innate Abilities, Weirdness & Mutations

You have a pair of small antennae on your head.
Your demonic aura sometimes causes spilled blood to erupt in flames.
You have an unusually large brain. (Int +2)


Message History

You start removing your armour.
You continue taking off your +0 scale mail. x4
You finish taking off your +0 scale mail.
You start putting on your armour.
You continue putting on your +0 plate armour of cold resistance. x5
You finish putting on your +0 plate armour of cold resistance.
You feel resistant to cold.
You drop a +0 scale mail.
There is an open door here.
b - an inky potion
e - 3 scrolls labelled GACUFFE EPRADGH (gained 1)
You now have 220 gold pieces (gained 13).
You see here a +0 flail.
No target in view!
Found a stone staircase leading up.
No target in view!
There is a stone staircase leading up here.
Found 16 sling bullets.
No target in view!
You see here 16 sling bullets.
An ogre comes into view. It is wielding a +0 giant club.
An ogre is nearby!
An ogre is nearby!
The ogre barely misses you.
An ogre is nearby!
Aiming: Throw Flame
Press: ? - help, Q - select action Shift-Dir - straight line, f - ogre
Aim: an ogre, wielding a +0 giant club (86% to hit)
Okay, then.
You feel very mighty all of a sudden.
The ogre hits you with a +0 giant club!!
Ouch! That really hurt!
You closely miss the ogre. The ogre hits you with a +0 giant club.
You slash the ogre!
The ogre is heavily wounded.
The ogre completely misses you.
You barely miss the ogre.
The ogre is heavily wounded.
The ogre hits you with a +0 giant club!
You die...

#### ##.#.## #.# ....
##.## #.# ....##....#
#.# ###.#####.# #(# #
#.# #.# #.# # #.#
#.######.######
###.#####.............#
..........######.####.#
.........# #@#
###.####. #O#
.........# #.#
###'###..# #.# ....# #
#.# ###.# #.# ....# #.#
._..+ ....#


You could see an ogre.

Vanquished Creatures
  A jelly (D:4)
  An orc wizard (D:4)
  4 gnolls
  3 adders
  A worm (D:2)
  An adder skeleton (D:4)
  3 dart slugs (D:3)
  7 orcs
  9 endoplasms
  2 giant cockroaches
  4 goblins
  5 hobgoblins
  9 kobolds
  2 quokkas
  5 ball pythons
  6 bats
  6 frilled lizards
  2 rats
71 creatures vanquished.

Notes
Turn   | Place    | Note
-------+----------+-------------------------------------------
     0 | D:1      | cbfl8 the Demonspawn Fighter began the quest for the Orb.
     0 | D:1      | Reached XP level 1. HP: 18/18 MP: 1/1
     2 | D:1      | Noticed a minotaur
     4 | D:1      | Noticed a felid
     6 | D:1      | Noticed an elf
     8 | D:1      | Noticed an ogre
     8 | D:1      | Noticed a troll
    10 | D:1      | Noticed an octopode
    12 | D:1      | Noticed a naga
    12 | D:1      | Noticed a draconian
    14 | D:1      | Noticed a vine stalker
    14 | D:1      | Noticed a tengu
    16 | D:1      | Noticed a demonspawn
    18 | D:1      | Noticed a gargoyle
    18 | D:1      | Noticed a formicid
    20 | D:1      | Noticed a demigod
    20 | D:1      | Noticed a dwarf
    22 | D:1      | Noticed a human
    22 | D:1      | Noticed a vampire
    24 | D:1      | Noticed a ghoul
    24 | D:1      | Noticed a spriggan
    26 | D:1      | Noticed a merfolk
   363 | D:1      | Gained mutation: You have an unusually large brain. (Int
                  | +2) [demonic ancestry]
   363 | D:1      | Reached XP level 2. HP: 24/24 MP: 2/2
   765 | D:1      | Reached skill level 1 in Evocations
   765 | D:1      | Reached XP level 3. HP: 25/29 MP: 3/3
  2091 | D:3      | Gained mutation: Your demonic aura sometimes causes spilled
                  | blood to erupt in flames. [demonic ancestry]
  2091 | D:3      | Reached XP level 4. HP: 33/35 MP: 4/4
  2150 | D:3      | Found a burning altar of Makhleb.
  2301 | D:3      | Found a blossoming altar of Fedhas.
  2362 | D:3      | Found a basalt altar of Yredelemnul.
  3094 | D:4      | Gained mutation: You have a pair of small antennae on your
                  | head. [demonic ancestry]
  3094 | D:4      | Reached XP level 5. HP: 19/41 MP: 5/5
  3487 | D:4      | Found a hide-covered altar of Uskayaw.
  3885 | D:4      | Noticed an ogre
  3892 | D:4      | Slain by an ogre

Illustrated notes

Levels and vault maps discovered:
D:1:      kb_arrival_jail, layout_loops_ring, shapermc_ecumenical_altar_petra,
          minmay_heptomino_o4
D:2:      layout_basic, nrook_campfire, kennysheep_generic_room_4
D:3:      layout_rooms, amcnicky_altar_gilded, nicolae_overflow_crystal_walls,
          fedhas_altar_1, serial_glass, glass_columns_a, glass_columns_a,
          due_unseen_surprise
D:4:      layout_loops_ring, mainiacjoe_overflow_six_doors_small, serial_shops,
          shop, minmay_liquid_box, kennysheep_generic_room_10

Skill      XL: |  1  2  3  4  5 |
---------------+----------------+-----
Axes           | 2 3 |  3.5
Armour         | 3 |  3.5
Evocations     | 1 2 |  2.1
Shields        | 3 |  3.0
Fighting       | |  3.6

Action                   |  1- 3 |  4- 6 || total
-------------------------+-------+-------++-------
Melee: War axe           |   112 |    72 ||   184
Evoke: Wand              |       |     6 ||     6
  Use: Scroll            |     1 |     1 ||     2
       Potion            |       |     3 ||     3
Armor: Scale mail        |    43 |    34 ||    77
       Skin              |       |     2 ||     2
Dodge: Dodged            |    55 |    40 ||    95
Block: Buckler           |    19 |    18 ||    37
